 Dungeon Crawl Stone Soup version 0.30-a0-305-g026cb31310 (webtiles) character file.

Game seed: 8002351795019241078

105 billz999 the Sneak (level 4, -9/23 (30) HPs)
             Began as a Vampire Earth Elementalist on Oct 21, 2022.
             Mangled by Terence
             ... wielding a +2 flail of draining
              (11 damage)
             ... on level 3 of the Dungeon.
             The game lasted 00:05:11 (2012 turns).

billz999 the Sneak (Vampire Earth Elementalist)     Turns: 2012, Time: 00:05:12

HP:   -9/23 (30)    AC:  2    Str:  7    XL:     4   Next: 53%
MP:   2/7           EV: 12    Int: 19    God:
Gold: 154           SH:  0    Dex: 14    Spells: 6/7 levels left

rFire   + . .      SeeInvis +    c - +0 dagger (pain)
rCold   + . .      Faith    .    (no shield)
rNeg    . . .      Spirit   .    a - +0 robe
rPois   +          Reflect  .    (no helmet)
rElec   +          Harm     .    (no cloak)
rCorr   +          Rampage  .    (no gloves)
Will    .....                    (no boots)
Stlth   +++.......               (no amulet)
HPRegen 0.43/turn                (no ring)
MPRegen 0.10/turn                (no ring)

@: resistant, weak-willed, attractive, flying, healing quickly, heavily drained
A: alive, fangs 3, see invisible, vampiric 2
a: Exsanguinate


You were on level 3 of the Dungeon.
You visited 1 branch of the dungeon, and saw 3 of its levels.

You collected 154 gold pieces.

Inventory:

Hand Weapons
 c - a +0 dagger of pain (weapon)
Armour
 a - a +0 robe (worn)
Scrolls
 i - 2 scrolls of identify
Potions
 b - 2 potions of magic


   Skills:
 - Level 2.1 Dodging
 + Level 4.8 Stealth
 - Level 2.0 Spellcasting
 * Level 3.8 Necromancy
 - Level 1.1 Transmutations
 - Level 3.0 Earth Magic


You had 6 spell levels left.
You knew the following spells:

 Your Spells              Type           Power      Damage    Failure   Level
a - Sandblast             Erth           26%        2d8       4%          1

Your spell library contained the following spells:

 Spells                   Type           Power      Damage    Failure   Level
 Passwall                 Tmut/Erth      7%         N/A       11%         2
 Ensorcelled Hibernation  Hex/Ice        2%         N/A       26%         2
 Stone Arrow              Conj/Erth      14%        3d7       26%         3
 Swiftness                Air            1%         N/A       45%         3
 Petrify                  Tmut/Erth      9%         N/A       58%         4


Dungeon Overview and Level Annotations

Branches:
Dungeon (3/15)

Altars:

Annotations:
D:3 Terence


Innate Abilities, Weirdness & Mutations

Your natural rate of healing is accelerated.
You have razor-sharp teeth.
You have supernaturally acute eyesight. (SInv)
You are afflicted with vampirism and can become a bat while bloodless.


Message History

Press: ? - help, Shift-Dir - straight line, f/p - Terence
Aim: Terence, wielding a +2 flail of draining and wearing a +0 scale mail (black smoke, weak-willed, 84% to hit)
The blast of sand hits Terence.
Terence is moderately wounded.
Terence closely misses you. x2
Casting: Sandblast (safe; 4% risk of failure)
Confirm with . or Enter, or press ? or * to list all spells.
Aiming: Sandblast (safe; 4% risk of failure)
Press: ? - help, Shift-Dir - straight line, f/p - Terence
Aim: Terence, wielding a +2 flail of draining and wearing a +0 scale mail (black smoke, moderately wounded, weak-willed, 84% to hit)
The blast of sand hits Terence but does no damage.
Terence is moderately wounded.
Terence barely misses you.
Casting: Sandblast (safe; 4% risk of failure)
Confirm with . or Enter, or press ? or * to list all spells.
Aiming: Sandblast (safe; 4% risk of failure)
Press: ? - help, Shift-Dir - straight line, f/p - Terence
Aim: Terence, wielding a +2 flail of draining and wearing a +0 scale mail (black smoke, moderately wounded, weak-willed, 84% to hit)
The blast of sand hits Terence but does no damage.
Terence is moderately wounded.
Terence barely misses you. x2
Casting: Sandblast (safe; 4% risk of failure)
Confirm with . or Enter, or press ? or * to list all spells.
Aiming: Sandblast (safe; 4% risk of failure)
Press: ? - help, Shift-Dir - straight line, f/p - Terence
Aim: Terence, wielding a +2 flail of draining and wearing a +0 scale mail (black smoke, moderately wounded, weak-willed, 84% to hit)
The blast of sand hits Terence but does no damage.
Terence is moderately wounded.
Terence hits you with a +2 flail of draining.
* * * LOW HITPOINT WARNING * * *
You feel drained.
Casting: Sandblast (safe; 4% risk of failure)
Confirm with . or Enter, or press ? or * to list all spells.
Aiming: Sandblast (safe; 4% risk of failure)
Press: ? - help, Shift-Dir - straight line, f/p - Terence
Aim: Terence, wielding a +2 flail of draining and wearing a +0 scale mail (black smoke, moderately wounded, weak-willed, 84% to hit)
The blast of sand hits Terence but does no damage.
Terence is moderately wounded.
Terence hits you with a +2 flail of draining!
You die...

#######.#...####.........###
...............+.........+..
###.###.#...####.........###
#..#..# ##(......## ##.##.#
##..†..## #.##.# ##...##
####°##§# ##'## .§○..§§§#
#.# .###.##@# ###.####### #
#@# #.......... #§#
#....###### #.<§§§# #.....#
####..# #....## #... ...#.##
#.########## .$# ###


You could see Terence (weak-willed).

Vanquished Creatures
  Robin (D:2)
  An adder (D:2)
  2 dart slugs (D:1)
  5 endoplasms (D:1)
  3 giant cockroaches (D:1)
  8 goblins
  12 hobgoblins
  10 jackals
  3 quokkas
  2 ball pythons
  5 bats
  4 frilled lizards
  8 kobolds
  5 rats
69 creatures vanquished.

Notes
Turn   | Place    | Note
-------+----------+-------------------------------------------
     0 | D:1      | billz999 the Vampire Earth Elementalist began the quest for
                  | the Orb.
     0 | D:1      | Reached XP level 1. HP: 13/13 MP: 3/3
    93 | D:1      | Reached skill level 1 in Necromancy
   136 | D:1      | Reached XP level 2. HP: 17/19 MP: 5/5
   478 | D:1      | Reached skill level 4 in Stealth
   478 | D:1      | Gained mutation: You are afflicted with vampirism and can
                  | become a bat while bloodless. [Vampire growth]
   478 | D:1      | Reached XP level 3. HP: 24/24 MP: 2/6
  1008 | D:2      | Noticed Robin
  1141 | D:2      | Reached XP level 4. HP: 27/30 MP: 4/7
  1142 | D:2      | Killed Robin
  1991 | D:3      | Noticed Terence
  2006 | D:3      | HP: 1/24 [Terence/+2 flail of draining (2)]
  2011 | D:3      | HP: 1/24 [Terence/+2 flail of draining (3)]
  2012 | D:3      | Mangled by Terence

Illustrated notes

Levels and vault maps discovered:
D:1:      minmay_arrival_cross, layout_rooms, dreamdust_princess_corridor,
          chequers_serial_rivers_micro_b, minmay_pentomino_t2
D:2:      layout_basic, minmay_stone_trees_small, uniq_robin
D:3:      minmay_spotlight, layout_loops_corners,
          mainiacjoe_overflow_six_doors_small,
          dreamdust_ecumenical_altar_angels_and_demons, uniq_terence

Skill      XL: |  1  2  3 |
---------------+----------+-----
Necromancy     | 1 2 3 |  3.8
Stealth        | 4 |  4.8
Dodging        | |  2.1
Spellcasting   | |  2.0
Transmutations | |  1.1
Earth Magic    | |  3.0

Action                   |  1- 3 |  4- 6 || total
-------------------------+-------+-------++-------
Melee: Dagger            |    71 |    12 ||    83
       Bite              |     7 |       ||     7
 Cast: Sandblast         |    43 |    27 ||    70
  Use: Scroll            |     3 |     3 ||     6
       Potion            |       |     5 ||     5
 Stab: Sleeping          |     6 |       ||     6
Armor: Robe              |    18 |     2 ||    20
Dodge: Dodged            |    64 |    29 ||    93

Table legend: (Time is in decaauts)
 A = Elapsed time spent in this place.
 B = Non-inter-level travel time spent in this place.
 C = Inter-level travel time spent in this place.
 D = Time resting spent in this place.
 E = Time spent auto-exploring this place.
 F = Levels seen in this place.
 G = Mean time per level.
                   A        B        C        D        E       F      G
               +--------+--------+--------+--------+--------+-----+--------+
         Total |   2047 |   2030 |     17 |    193 |   1423 |   3 |  682.3 |
       Dungeon |   2047 |   2030 |     17 |    193 |   1423 |   3 |  682.3 |
               +--------+--------+--------+--------+--------+-----+--------+

Top non-repeatable levels by time:
     D:2: 1066 daAuts
     D:1: 843 daAuts
     D:3: 137 daAuts
